 Dungeon Crawl Stone Soup version 0.22-a0-596-gfbd32a6 (webtiles) character file.

7 Amnesiac the Charlatan (level 1, -1/9 HPs)
             Began as a Spriggan Artificer on July 5, 2018.
             Killed from afar by an orc wizard (9 damage)
             ... with a puff of flame
             ... on level 4 of the Dungeon.
             The game lasted 00:01:22 (370 turns).

Amnesiac the Charlatan (Spriggan Artificer)          Turns: 370, Time: 00:01:23

Health: -1/9       AC:  2    Str:  8    XL:     1   Next: 91%
Magic:  4/4        EV: 18    Int: 12    God:
Gold:   23         SH:  0    Dex: 16    Spells: 0/0 levels left

rFire    . . .     SeeInvis +   a - +0 short sword
rCold    . . .     Gourm    .   (shield restricted)
rNeg     . . .     Faith    .   b - +0 robe
rPois    .         Spirit   .   (helmet restricted)
rElec    .         Reflect  .   (no cloak)
rCorr    .         Harm     .   (gloves unavailable)
MR       .....                  (boots unavailable)
Stlth    ++........             (no amulet)
HPRegen  0.03/turn              (no ring)
MPRegen  0.09/turn              (no ring)

@: very quick
A: very small, unfitting armour, see invisible, herbivore, speed 3, slow
metabolism 2
a: no special abilities


You were on level 4 of the Dungeon.
You were not hungry.

You visited 1 branch of the dungeon, and saw 4 of its levels.

You collected 23 gold pieces.

Inventory:

Hand Weapons
 a - a +0 short sword (weapon)
Armour
 b - a +0 robe (worn)
Wands
 c - a wand of flame (13)
 d - a wand of enslavement (15)
 e - a wand of random effects (12)
Scrolls
 g - 3 scrolls of identify {!r, unknown}
 i - a scroll of remove curse {!r, unknown}
Potions
 h - a potion of curing {!q, unknown}
Comestibles
 f - 4 rations


   Skills:
 - Level 0.7 Fighting
 - Level 1.1 Short Blades
 - Level 3.0 Dodging
 - Level 1.5 Stealth
 + Level 4.7 Evocations


You couldn't memorise any spells.
You didn't know any spells.
Your spell library was empty.

Dungeon Overview and Level Annotations

Branches:
Dungeon (4/15)
 Temple: D:4-7

Altars:


Innate Abilities, Weirdness & Mutations

You are very small and have problems with some larger weapons.
You are too small for most types of armour.
You have supernaturally acute eyesight. (SInv)
You are a herbivore.
You cover ground extremely quickly.
You need to consume almost no food.


Message History

Ouch! That really hurt!
* * * LOW HITPOINT WARNING * * *
There is a stone staircase leading down here.
You climb downwards.
You hear the sound of rushing water.
There is an entrance to a sewer on this level.
Hurry and find it before the portal rusts away!
An orc and an orc wizard come into view.
The orc wizard is wielding a dagger of protection.
Found 12 arrows, 21 gold pieces, a chain mail and 9 stones.
There is a stone staircase leading up here.
You open the door.
There is an open door here.
Evoke which item? (* to show all) (? for menu, Esc to quit)
Okay, then.
Found a stone staircase leading down.
You start resting.
The orc is too close now for your liking.
Evoke which item? (* to show all) (? for menu, Esc to quit)
Aiming: Throw Flame
Press: ? - help, Shift-Dir - straight line, f - orc
Aim: an orc, wielding a mace and wearing a leather armour The puff of flame hits the orc.
You kill the orc!
You start resting.
You hear the slow rusting of a very distant drain.
A jackal comes into view.
Evoke which item? (* to show all) (? for menu, Esc to quit)
Aiming: Random Effects
Press: ? - help, Shift-Dir - straight line, f - orc wizard
Aim: an orc wizard, wielding a dagger of protection and wearing a robe (resting)
The orc wizard shouts!
The orc wizard flickers and vanishes for a moment.
The jackal barks!
You hear a shout!
Unknown command.
Evoke which item? (* to show all) (? for menu, Esc to quit)
Aiming: Throw Flame
Press: ? - help, Shift-Dir - straight line, f - jackal
Aim: a jackal The puff of flame hits the jackal.
You kill the jackal!
You start resting.
HP restored.
You start resting.
You hear the slow rusting of a very distant drain.
You start resting.
A phantom comes into view.
You see here a jackal corpse.
Evoke which item? (* to show all) (? for menu, Esc to quit)
Aiming: Random Effects
Press: ? - help, Shift-Dir - straight line, f - orc wizard
Aim: an orc wizard, wielding a dagger of protection and wearing a robe (hasn't noticed you)
The orc wizard shouts!
The orc wizard seems to speed up.
You hear a shout!
Evoke which item? (* to show all) (? for menu, Esc to quit)
Aiming: Random Effects
Press: ? - help, Shift-Dir - straight line, f/p - orc wizard
Aim: an orc wizard, wielding a dagger of protection and wearing a robe (fast)
The puff of flame hits the orc wizard.
The orc wizard is moderately wounded.
The orc wizard gestures at you while chanting.
The puff of flame hits you!
Ouch! That really hurt!
You die...

## ..
.####.#########
..o..>....h...#
.....#..)#######.#
.... #...#.....#.#
..$..#...#.....o.#
.....#...#####@###
..........# #.#
..........# #†#
..........# #.#
.......<..# #.#
..........# #.#
..........####.#
...(.....W'....#
..........######


You could see an orc wizard.

Vanquished Creatures
  An orc (D:4)
  A goblin (D:2)
  A jackal (D:4)
  A kobold (D:1)
  A quokka (D:2)
5 creatures vanquished.

Notes
Turn   | Place    | Note
-------+----------+-------------------------------------------
     0 | D:1      | Amnesiac the Spriggan Artificer began the quest for the Orb.
     0 | D:1      | Reached XP level 1. HP: 9/9 MP: 4/4
   239 | D:4      | Noticed an orc wizard
   362 | D:4      | Noticed a phantom
   370 | D:4      | Killed from afar by an orc wizard

Vault maps used:
D:1:      dpeg_arrival_morbid_curiosity
D:2:      first_ration
D:3:      gammafunk_ghost_icy, uniq_grinder
D:4:      lemuel_crystal_altar, portal_sewer_entry_f, serial_bayou_pond_d

Action                   || total
-------------------------++-------
Melee: Short sword       ||     3
Evoke: Wand              ||     5
 Stab: Sleeping          ||     2
Dodge: Dodged            ||     1

Table legend:
 A = Spawn XP
 B = Non-spawn XP
 C = Spawn XP percentage of total XP
 D = Spawn monster count
 E = Non-spawn monster count
 F = Spawn count percentage of total count
 G = Total turns spent on level
                    A         B        C        D         E        F      G
               +---------+---------+-------+---------+---------+-------+---------
         Total |       0 |      11 |   0.0 |       0 |       5 |   0.0 |   370
               +---------+---------+-------+---------+---------+-------+---------
           D:1 |       0 |       2 |   0.0 |       0 |       1 |   0.0 |   113
           D:2 |       0 |       4 |   0.0 |       0 |       2 |   0.0 |   121
           D:4 |       0 |       5 |   0.0 |       0 |       2 |   0.0 |   131
               +---------+---------+-------+---------+---------+-------+---------
